 Dungeon Crawl Stone Soup version 0.23.2-40-g277498a001 (webtiles) character file.

Game seed: 3066647920057224049

442604 Amplified the Executioner (level 24, -17/233 HPs)
             Began as a Hill Orc Berserker on Sept 12, 2019.
             Was the Champion of Trog.
             Demolished by an ettin
             ... wielding a +0 dire flail
              (21 damage)
             ... on level 3 of the Depths on Sept 13, 2019.
             The game lasted 01:19:46 (51481 turns).

Amplified the Executioner (Hill Orc Berserker)     Turns: 51481, Time: 01:19:47

Health: -17/233    AC: 27    Str: 30    XL:     24   Next: 13%
Magic:  34/34      EV: 20    Int:  8    God:    Trog [******]
Gold:   3577       SH:  0    Dex: 19    Spells: 23/23 levels left

rFire    + + .     SeeInvis .   I - +5 executioner's axe (vamp)
rCold    + + +     Gourm    .   (shield currently unavailable)
rNeg     + + .     Faith    .   E - +4 chain mail {rN+}
rPois    +         Spirit   .   S - +2 helmet of Maump {rC+ rN+ Dex+3}
rElec    +         Reflect  .   e - scarf {rC+ rF+}
rCorr    .         Harm     .   a - +1 pair of gloves of an ossuary {+Inv Str+2}
MR       ++...                  D - +1 pair of boots of Responsibility {Dex+4}
Stlth    +.........             b - amulet of Kana {Acrobat Slay+3}
HPRegen  0.48/turn              M - ring of protection from magic
MPRegen  0.24/turn              o - ring of Itegaff {rElec rPois rF+ rC+}

@: about to teleport, studying Evocations
A: no striking features
}: 2/15 runes: decaying, gossamer
a: Berserk, Trog's Hand, Brothers in Arms, Renounce Religion, Evoke Invisibility


You were on level 3 of the Depths.
You worshipped Trog.
Trog was exalted by your worship.
You were not hungry.

You visited 9 branches of the dungeon, and saw 44 of its levels.
You visited 1 bazaar.
You also visited: Ossuary and Bailey.

You collected 6224 gold pieces.
You spent 2647 gold pieces at shops.

Inventory:

Hand Weapons
 q - a +9 executioner's axe of electrocution
 I - a +5 vampiric executioner's axe (weapon)
 R - the +6 shillelagh "Devastator" {shatter}
   (You found it on level 13 of the Dungeon)
Armour
 a - the +1 pair of gloves of an ossuary (worn) {+Inv Str+2}
   (You bought it in a shop on level 10 of the Dungeon)

   It affects your strength (+2).
   It lets you turn invisible.
 e - a scarf of resistance (worn)
 m - the +3 leather armour of Action {rC+ Int+8}
   (You found it on level 13 of the Dungeon)

   It affects your intelligence (+8).
   It protects you from cold.
 D - the +1 pair of boots of Responsibility (worn) {Dex+4}
   (You bought it in a shop on level 5 of the Dungeon)

   It affects your dexterity (+4).
 E - a +4 chain mail of positive energy (worn)
 S - the +2 helmet of Maump (worn) {rC+ rN+ Dex+3}
   (You found it on level 1 of the Elven Halls)

   It affects your dexterity (+3).
   It protects you from cold.
   It protects you from negative energy.
Jewellery
 b - the amulet of Kana (around neck) {Acrobat Slay+3}
   (You found it on level 7 of the Dungeon)

   [amulet of the acrobat]

   It helps you evade while moving and waiting.
   It affects your accuracy and damage with ranged weapons and melee attacks
   (+3).
 o - the ring of Itegaff (right hand) {rElec rPois rF+ rC+}
   (You found it on level 10 of the Dungeon)

   [ring of protection from fire]

   It protects you from fire.
   It protects you from cold.
   It insulates you from electricity.
   It protects you from poison.
 r - an uncursed ring of protection from fire
 H - an uncursed ring of resist corrosion
 M - a ring of protection from magic (left hand)
Wands
 n - a wand of scattershot (6)
 u - a wand of clouds (2)
 w - a wand of disintegration (14)
 y - a wand of iceblast (9)
 F - a wand of random effects (19)
 K - a wand of digging (11)
 U - a wand of paralysis (27)
 V - a wand of acid (14)
Scrolls
 d - 14 scrolls of fog
 j - 6 scrolls of fear
 l - 2 scrolls of identify
 s - 15 scrolls of remove curse
 x - 7 scrolls of magic mapping
 A - 4 scrolls of enchant armour
 B - a scroll of enchant weapon
 Q - a scroll of holy word
Potions
 h - 10 potions of ambrosia
 i - 5 potions of flight
 k - 14 potions of brilliance
 p - a potion of invisibility
 v - 4 potions of haste
 z - 3 potions of cancellation
 C - 10 potions of curing
 G - 5 potions of agility
 J - 3 potions of mutation
 T - 3 potions of might
 Z - 3 potions of resistance
Books
 g - a manual of Evocations
Miscellaneous
 t - a lamp of fire
 X - a phial of floods
Comestibles
 c - 53 rations
 L - 5 chunks of flesh


   Skills:
 - Level 22.7 Fighting
 - Level 26.2 Axes
 - Level 3.4(15.9) Maces & Flails
 - Level 8.2 Throwing
 - Level 17.4 Armour
 - Level 14.9 Dodging
 - Level 6.8 Stealth
 * Level 14.9 Evocations


You had 23 spell levels left.
You didn't know any spells.
Your spell library contained the following spells:

 Spells                   Type           Power        Failure   Level  Hunger
 Animate Skeleton         Necr           N/A          77%         1    ##.....
 Apportation              Tloc           #.....       77%         1    ##.....
 Confusing Touch          Hex            #.....       77%         1    ##.....
 Corona                   Hex            #......      77%         1    ##.....
 Freeze                   Ice            #...         77%         1    ##.....
 Infusion                 Chrm           #...         77%         1    ##.....
 Magic Dart               Conj           #...         77%         1    ##.....
 Pain                     Necr           #...         77%         1    ##.....
 Sandblast                Erth           #.....       77%         1    ##.....
 Shock                    Conj/Air       #...         77%         1    ##.....
 Sting                    Conj/Pois      #...         77%         1    ##.....
 Summon Butterflies       Summ           #.......     77%         1    ##.....
 Summon Small Mammal      Summ           #...         77%         1    ##.....
 Blink                    Tloc           N/A          88%         2    ###....
 Call Imp                 Summ           #.......     88%         2    ###....
 Corpse Rot               Necr           N/A          88%         2    ###....
 Ensorcelled Hibernation  Hex/Ice        #.....       88%         2    ###....
 Passwall                 Tmut/Erth      #.......     88%         2    ###....
 Poisonous Vapours        Pois/Air       #.....       88%         2    ###....
 Searing Ray              Conj           #.....       88%         2    ###....
 Shroud of Golubria       Chrm/Tloc      #.........   88%         2    ###....
 Slow                     Hex            #.......     88%         2    ###....
 Song of Slaying          Chrm           #.......     88%         2    ###....
 Sublimation of Blood     Necr           #.........   88%         2    ###....
 Swiftness                Chrm/Air       #.......     88%         2    ###....
 Throw Flame              Conj/Fire      #.....       88%         2    ###....
 Throw Frost              Conj/Ice       #.....       88%         2    ###....
 Call Canine Familiar     Summ           #.......     98%         3    ####...
 Confuse                  Hex            #.......     98%         3    ####...
 Conjure Flame            Conj/Fire      #.......     98%         3    ####...
 Dazzling Spray           Conj/Hex       #.....       98%         3    ####...
 Gell's Gravitas          Tloc           #.........   98%         3    ####...
 Inner Flame              Hex/Fire       #.......     98%         3    ####...
 Lesser Beckoning         Tloc           #.........   98%         3    ####...
 Mephitic Cloud           Conj/Pois/Air  #.......     98%         3    ####...
 Ozocubu's Armour         Chrm/Ice       #.......     98%         3    ####...
 Portal Projectile        Hex/Tloc       #.....       98%         3    ####...
 Regeneration             Chrm/Necr      #.........   98%         3    ####...
 Spectral Weapon          Hex/Chrm       #.......     98%         3    ####...
 Static Discharge         Conj/Air       #.......     98%         3    ####...
 Stone Arrow              Conj/Erth      #.....       98%         3    ####...
 Tukima's Dance           Hex            #.......     98%         3    ####...
 Vampiric Draining        Necr           #.........   98%         3    ####...
 Airstrike                Air            #.........   100%        4    #####..
 Cause Fear               Hex            #.........   100%        4    #####..
 Force Lance              Conj/Tloc      #.......     100%        4    #####..
 Fulminant Prism          Conj/Hex       #.........   100%        4    #####..
 Ice Form                 Ice/Tmut       #.......     100%        4    #####..
 Iskenderun's Mystic Bla  Conj           #.......     100%        4    #####..
 Leda's Liquefaction      Hex/Erth       #.........   100%        4    #####..
 Petrify                  Tmut/Erth      #.......     100%        4    #####..
 Summon Ice Beast         Ice/Summ       #.......     100%        4    #####..
 Throw Icicle             Conj/Ice       #.......     100%        4    #####..
 Alistair's Intoxication  Tmut/Pois      #.......     100%        5    ######.
 Blade Hands              Tmut           #.........   100%        5    ######.
 Bolt of Draining         Conj/Necr      #.........   100%        5    ######.
 Bolt of Magma            Conj/Fire/Erth #.........   100%        5    ######.
 Dispel Undead            Necr           #.......     100%        5    ######.
 Lee's Rapid Deconstruct  Erth           #.........   100%        5    ######.
 Lightning Bolt           Conj/Air       #.........   100%        5    ######.
 Metabolic Englaciation   Hex/Ice        #.........   100%        5    ######.
 Silence                  Hex/Air        #.........   100%        5    ######.
 Summon Mana Viper        Hex/Summ       #.......     100%        5    ######.
 Yara's Violent Unravell  Hex/Tmut       #.........   100%        5    ######.
 Conjure Ball Lightning   Conj/Air       #.........   100%        6    #######
 Deflect Missiles         Chrm/Air       #.........   100%        6    #######
 Freezing Cloud           Conj/Ice/Air   #.........   100%        6    #######
 Invisibility             Hex            #.......     100%        6    #######
 Iron Shot                Conj/Erth      #.........   100%        6    #######
 Statue Form              Tmut/Erth      #........    100%        6    #######
 Malign Gateway           Summ/Tloc      #.........   100%        7    #######
 Monstrous Menagerie      Summ           #.........   100%        7    #######
 Ring of Flames           Chrm/Fire      #.........   100%        7    #######
 Summon Greater Demon     Summ           #.........   100%        7    #######
 Summon Hydra             Summ           #.........   100%        7    #######
 Discord                  Hex            #.........   100%        8    #######
 Infestation              Necr           #.........   100%        8    #######
 Summon Horrible Things   Summ           #.........   100%        8    #######
 Shatter                  Erth           #.........   100%        9    #######


Dungeon Overview and Level Annotations

Branches:
Dungeon (15/15)            Temple (0/1) D:6            Lair (6/6) D:9
  Swamp (4/4) Lair:3       Spider (4/4) Lair:3        Slime (0/5) Lair:6
    Orc (2/2) D:10            Elf (3/3) Orc:2        Vaults (4/5) D:13
  Crypt (3/3) Vaults:3       Tomb (0/3) Crypt:3      Depths (3/5) D:15

Altars:
Ashenzari
Dithmenos
Elyvilon
Fedhas
Gozag
Kikubaaqudgha
Makhleb
Nemelex Xobeh
Okawaru
Ru
Vehumet
Wu Jian
Xom
Yredelemnul
The Shining One
Beogh

Shops:
D:5 [   D:9 ?   D:10 [   Orc:2 !([%   Elf:2 (   Vaults:1 ?   Depths:2 *

Portals:
Hell: Depths:1 Depths:2
Pandemonium: Depths:2 Depths:3
Ziggurat: Depths:2

Annotations:
D:13 I'm gonna be an elemental master. Right after
Vaults:5
Lair:3 Consider branch with great care.
Elf:2 3 runed translucent doors
Vaults:4 Rupert
Crypt:1 AAAA, Khufu


Message History

You chop the spriggan defender into pieces!!!
The spriggan defender is severely wounded.
You slash the spark wasp! You hit the ettin. You hit the sphinx.
You feel better.
The spriggan defender hits you with a +3 flail of protection!
* * * LOW HITPOINT WARNING * * *
The spark wasp stings you.
* * * LOW HITPOINT WARNING * * *
The spark wasp shocks you. You resist.
* * * LOW HITPOINT WARNING * * *
The sphinx barely misses you.
The sphinx hits you but does no damage. x2
You feel much better.
The spark wasp stings you but does no damage.
The spriggan defender hits you with a +3 flail of protection!
* * * LOW HITPOINT WARNING * * *
The rakshasa hits you but does no damage.
The ettin hits you with a +0 dire flail!!
* * * LOW HITPOINT WARNING * * *
The ettin hits you with a +0 great mace!!
You die... #...########..########...## ...## #..# ######...## ..## #..# ...$$##)..## .## #..# ...$)$##...# ## #..# ...$($%##..# # #..# c...$$$ #..# # ##..## cy.....

#..# # +##....##yR..... #[[#
# #......i@# #..# #
##......HC## #..#
########..........########..#
...........∩⌠⌠..............#
............⌠⌠..............#
########..........########..#
# ##........#########..# #
#.......)#......##..# #
+##....##)......##..#


You could see a sphinx, a spriggan defender, an ettin, a rakshasa, 2 spark wasps
and 2 yaktaurs.

Vanquished Creatures
  An ancient lich (Crypt:3)
  Saint Roka (Vaults:4)
  Xtahua (Crypt:3)
  Jory (Crypt:1)
  Nikola (Swamp:1)
  3 tentacled monstrosities
  2 liches (Crypt:3)
  The ghost of Jabberih the Devastator, an adept DrCj of Vehumet (Vaults:1)
  A deep elf master archer (Elf:3)
  2 deep elf blademasters (Elf:3)
  Gastronok (Lair:2)
  A sphinx (Depths:1)
  2 thorn hunters (Swamp:4)
  The ghost of Name63 the Fighter, an adept GnWn of Gozag (Elf:1)
  2 ancient champions
  A shadow dragon (Vaults:3)
  The ghost of Kikorro the Severer, an adept HOFi of Makhleb (D:15)
  Roxanne (Spider:3)
  3 tengu reavers
  The ghost of Rukhlub the Peltast, an adept MiFi of Okawaru (Swamp:2)
  2 fire giants
  12 deep elf sorcerers
  2 vault wardens
  4 ghost moths (Spider:4)
  4 frost giants
  A caustic shrike zombie (Crypt:1)
  A balrug (Depths:1)
  8 emperor scorpions
  2 curse skulls (Crypt:3)
  2 orc warlords
  Aizul (Vaults:1)
  6 deep elf elementalists
  8 ghouls
  11 very ugly things
  A war gargoyle (Vaults:1)
  5 ironheart preservers
  2 spriggan defenders (Depths:3)
  8 stone giants
  6 reapers (Crypt:3)
  6 entropy weavers
  8 deep elf annihilators
  6 deep elf demonologists (Elf:3)
  9 vampire knights
  Azrael (D:14)
  2 minotaurs (Vaults:1)
  4 dire elephants (Lair:6)
  A spark wasp (Spider:2)
  10 eidola
  A mummy priest (Crypt:3)
  A merfolk javelineer (Depths:1)
  9 deep elf death magi
  An ettin (Depths:3)
  A blizzard demon (Depths:2)
  3 yaktaur captains
  2 deep elf high priests
  4 fire dragons
  A merfolk impaler (Vaults:1)
  6 jiangshi
  Erolcha (D:12)
  2 quicksilver dragon skeletons (Crypt:3)
  6 vault guards
  3 rakshasas
  3 great orbs of eyes
  Harold (D:8)
  7 ice dragons
  24 hydras
  A ghost crab (Swamp:3)
  4 spriggan air magi
  10 centaur warriors
  3 shambling mangroves
  2 death knights
  Erica (D:11)
  15 alligators
  An anaconda (Lair:6)
  18 two-headed ogres
  3 deep troll earth magi
  10 dancing weapons
  3 tengu warriors
  A queen ant (Lair:4)
  6 ogre magi
  4 deep troll shamans
  7 death yaks
  2 orc high priests
  A vampire mage (Crypt:1)
  3 spriggan berserkers
  21 deep elf knights
  A titan zombie (Crypt:3)
  3 sun demons
  A small abomination (Crypt:2)
  An iron troll (Depths:1)
  A shadow wraith (Crypt:2)
  A salamander mystic (Depths:2)
  6 soul eaters
  A storm dragon zombie (Crypt:3)
  A fire crab (shapeshifter) (Depths:2)
  2 golden dragon zombies
  A storm dragon skeleton (Crypt:3)
  21 skeletal warriors
  A spriggan druid (Swamp:2)
  2 unseen horrors
  18 deep trolls
  2 shadow dragon zombies (Crypt:3)
  3 flayed ghosts
  2 glowing orange brains
  13 necromancers
  9 swamp dragons
  20 deep elf archers
  23 wolf spiders
  A wolf spider zombie (Crypt:3)
  14 orb spiders
  9 orc knights
  18 phantasmal warriors
  A wizard (Vaults:2)
  An iron dragon zombie (Crypt:3)
  14 ironbrand convokers
  70 deep elf magi
  9 orc sorcerers
  4 fire giant zombies
  38 ugly things
  4 frost giant zombies
  A mana viper (shapeshifter) (Depths:2)
  2 salamanders (Depths:2)
  2 shadow dragon skeletons (Crypt:3)
  A stone giant zombie (Crypt:3)
  A dire elephant zombie (Crypt:3)
  A moth of wrath (Spider:3)
  8 cyclopes
  Maurice (D:8)
  3 centaur zombies
  4 manticores
  2 iron dragon skeletons (Crypt:3)
  8 vault sentinels
  13 elephants
  3 black mambas (shapeshifter)
  Psyche (D:8)
  3 black mambas
  A water nymph (shapeshifter) (Vaults:2)
  An orange demon (D:15)
  2 gargoyles (D:15)
  7 centaur skeletons
  14 spiny frogs
  2 rime drakes
  A komodo dragon (shapeshifter) (Vaults:2)
  3 kobold demonologists (D:15)
  3 komodo dragons
  A dire elephant skeleton (Crypt:3)
  4 torpor snails
  An alligator snapping turtle skeleton (Crypt:2)
  6 yaktaurs
  11 demonic crawlers
  14 freezing wraiths
  A red devil (Depths:2)
  An ice devil (D:15)
  12 hellwings (Crypt:3)
  3 tengu conjurers
  34 jumping spiders
  6 trolls
  A harpy zombie (Crypt:3)
  2 guardian mummies (Crypt:1)
  A merfolk (shapeshifter) (Elf:3)
  A troll (shapeshifter) (Vaults:1)
  2 polar bears
  A harpy skeleton (Vaults:1)
  13 tyrant leeches
  23 hornets
  13 bog bodies
  Prince Ribbit (D:7)
  31 slime creatures
  23 blink frogs
  An ice dragon zombie (Crypt:3)
  2 fire dragon zombies (Crypt:3)
  A raiju (shapeshifter) (Depths:2)
  An ettin zombie (Crypt:2)
  A frost giant simulacrum (Vaults:1)
  An alligator zombie (Crypt:3)
  7 dream sheep (Lair:6)
  16 hippogriffs
  An air elemental (Elf:3)
  9 flying skulls (Crypt:1)
  13 tarantellas
  68 redbacks
  8 spriggans
  5 water elementals
  2 ettin skeletons
  2 ice dragon skeletons (Crypt:3)
  5 shadows
  2 basilisks
  An ushabti (Crypt:3)
  16 wraiths
  5 wyverns
  35 yaks
  3 steam dragons
  8 fire elementals
  24 vampire mosquitoes
  16 swamp worms
  7 wargs (Orc:2)
  17 insubstantial wisps
  An acid dragon (D:15)
  17 soldier ants (Lair:4)
  A spiny frog zombie (Crypt:3)
  4 hell hounds
  6 porcupines
  A floating eye (shapeshifter) (Vaults:3)
  10 water moccasins
  A hornet zombie (D:15)
  30 orc warriors
  2 spiny frog skeletons
  5 sky beasts
  A snapping turtle zombie (Crypt:3)
  6 phantoms
  21 ogres
  14 swamp drakes
  An ettin simulacrum (Depths:2)
  A spriggan simulacrum (Depths:2)
  3 ice beasts
  3 black bears
  A manticore zombie (Crypt:3)
  A tengu (shapeshifter) (Depths:1)
  An eye of draining (D:11)
  2 necrophages
  15 wolves (Lair:6)
  16 boggarts
  18 centaurs
  A snapping turtle skeleton (Crypt:3)
  12 crocodiles
  A manticore skeleton (Crypt:3)
  6 big kobolds
  A gnoll sergeant (D:9)
  A hippogriff skeleton (Crypt:1)
  A yaktaur zombie (Vaults:1)
  17 bullfrogs
  3 earth elementals (Elf:2)
  6 human skeletons
  A wyvern zombie (D:11)
  9 scorpions
  9 wyvern skeletons (Crypt:3)
  A scorpion (shapeshifter) (Depths:2)
  A human simulacrum (Vaults:1)
  10 killer bees
  A yak skeleton (Crypt:2)
  10 wights
  3 howler monkeys
  8 electric eels
  7 crimson imps
  3 bullfrog zombies
  5 hounds
  A human zombie (Crypt:1)
  11 orc priests
  4 jellies
  4 bullfrog skeletons
  59 orc wizards
  An iron imp (Depths:2)
  Ijyb (D:3)
  2 iguanas
  4 hell rats (Lair:5)
  34 worker ants
  A naga zombie (Crypt:2)
  A felid zombie (Crypt:1)
  5 big kobold zombies (Ossuary)
  3 hound zombies
  10 mummies
  A howler monkey zombie (D:7)
  2 worker ant zombies (D:7)
  Robin (D:2)
  11 gnolls
  A howler monkey skeleton (D:7)
  11 adders
  6 shadow imps
  A white imp (D:5)
  4 oozes (Lair:6)
  3 adder skeletons
  2 adder zombies
  3 worms
  A dart slug (D:1)
  7 leopard geckos
  145 orcs
  4 ball pythons
  7 giant cockroaches
  21 goblins
  7 hobgoblins
  13 jackals
  8 quokkas
  7 bats
  3 frilled lizards
  A frilled lizard zombie (Crypt:2)
  A goblin skeleton (D:5)
  3 goblin zombies (D:5)
  8 hobgoblin zombies
  A jackal skeleton (D:6)
  28 kobolds
  2 kobold zombies (D:5)
  A leopard gecko skeleton (D:6)
  An orc skeleton (D:5)
  An orc zombie (Crypt:3)
  11 rats
  A river rat zombie (Crypt:1)
  6 crawling corpses
  A fungus (Lair:6)
  6 plants
  6 withered plants (Crypt:3)
2027 creatures vanquished.

Vanquished Creatures (collateral kills)
  A scorpion (D:9)
1 creature vanquished.

Vanquished Creatures (others)
  2 spriggans
  A deep elf knight (Elf:1)
  A spiny frog (Swamp:1)
  A tyrant leech (Swamp:3)
  A hornet (Swamp:4)
  A wyvern (Lair:6)
  A water moccasin (D:12)
  A swamp drake (Swamp:2)
  A boggart (Depths:1)
  A shadow imp (D:10)
  A ball lightning (D:15)
  6 fungi
  9 plants (Lair:6)
  20 withered plants (Crypt:3)
47 creatures vanquished.

Grand Total: 2075 creatures vanquished

Notes
Turn   | Place    | Note
-------+----------+-------------------------------------------
     0 | D:1      | Amplified the Hill Orc Berserker began the quest for the
                  | Orb.
     0 | D:1      | Reached XP level 1. HP: 19/19 MP: 1/1
   201 | D:1      | Reached XP level 2. HP: 27/27 MP: 2/2
   874 | D:2      | Found an iron altar of Okawaru.
   921 | D:2      | Reached XP level 3. HP: 29/33 MP: 3/3
  1164 | D:2      | Noticed Robin
  1180 | D:2      | Reached ** piety under Trog
  1186 | D:2      | Reached skill level 5 in Axes
  1191 | D:2      | Killed Robin
  1191 | D:2      | Reached XP level 4. HP: 41/41 MP: 4/4
  1290 | D:2      | Found a faded altar of an unknown god.
  1363 | D:2      | Reached skill level 5 in Fighting
  1475 | D:2      | Reached XP level 5. HP: 48/48 MP: 5/5
  1763 | D:3      | Noticed Ijyb
  1771 | D:3      | Killed Ijyb
  1795 | D:3      | Found a burning altar of Makhleb.
  1973 | D:3      | Reached skill level 1 in Evocations
  1998 | D:3      | Reached *** piety under Trog
  2033 | D:3      | Reached skill level 6 in Axes
  2251 | D:3      | Reached XP level 6. HP: 43/56 MP: 6/6
  2538 | D:4      | Reached skill level 1 in Throwing
  2759 | D:5      | Entered Level 5 of the Dungeon
  2780 | D:5      | Noticed a sky beast
  2786 | D:5      | Reached XP level 7. HP: 62/62 MP: 8/8
  2809 | D:5      | Reached **** piety under Trog
  2900 | D:5      | Reached skill level 7 in Axes
  3009 | D:5      | Found Wezxu Dun's Antique Armour Shop.
  3141 | D:5      | Found a blossoming altar of Fedhas.
  3230 | D:5      | Reached XP level 8. HP: 71/71 MP: 10/10
  3424 | D:5      | Found a glowing golden altar of the Shining One.
  3574 | D:5      | Found a sparkling altar of Nemelex Xobeh.
  3581 | D:5      | Found an opulent altar of Gozag.
  3708 | D:4      | Found a basalt altar of Yredelemnul.
  4066 | D:6      | Reached skill level 8 in Axes
  4201 | D:6      | Found a staircase to the Ecumenical Temple.
  4240 | D:6      | Found a radiant altar of Vehumet.
  4259 | D:6      | Reached XP level 9. HP: 80/80 MP: 12/12
  4309 | D:6      | Found a sand-covered staircase.
  4314 | Ossuary  | Entered an ossuary
  4320 | Ossuary  | Reached skill level 5 in Armour
  4593 | D:6      | Found a shattered altar of Ashenzari.
  4848 | D:6      | Reached ***** piety under Trog
  5005 | D:7      | Reached skill level 9 in Axes
  5005 | D:7      | Reached skill level 5 in Evocations
  5057 | D:7      | Found an ornate altar of the Wu Jian Council.
  5350 | D:7      | Reached skill level 5 in Throwing
  5448 | D:7      | Noticed a hornet
  5448 | D:7      | Noticed Prince Ribbit
  5456 | D:7      | Reached XP level 10. HP: 90/90 MP: 14/14
  5461 | D:7      | Received a gift from Trog
  5469 | D:7      | Killed Prince Ribbit
  5469 | D:7      | Reached skill level 10 in Axes
  5683 | D:7      | Got a transparent golden amulet
  5688 | D:7      | Identified the amulet of Kana {Acrobat Slay+3} (You found
                  | it on level 7 of the Dungeon)
  5931 | D:7      | Received a gift from Trog
  6044 | D:7      | Found the +5 scythe "Finisher" {speed, eviscerate}
  6307 | D:7      | Found a sacrificial altar of Ru.
  6533 | D:5      | Bought a pair of twisted boots for 323 gold pieces
  6538 | D:5      | Identified the +1 pair of boots of Responsibility {Dex+4}
                  | (You bought it in a shop on level 5 of the Dungeon)
  6622 | D:8      | Found a white marble altar of Elyvilon.
  6626 | D:8      | Noticed Harold
  6629 | D:8      | Received a gift from Trog
  6685 | D:8      | Killed Harold
  6685 | D:8      | Reached skill level 10 in Fighting
  6685 | D:8      | Reached skill level 11 in Axes
  6687 | D:8      | Received a gift from Trog
  6690 | D:8      | Reached XP level 11. HP: 100/100 MP: 16/16
  6834 | D:8      | Noticed Psyche
  6843 | D:8      | Paralysed by Psyche for 5 turns
  6854 | D:8      | Killed Psyche
  7065 | D:8      | Noticed Maurice
  7109 | D:8      | Killed Maurice
  7462 | D:9      | Found a shadowy altar of Dithmenos.
  7507 | D:9      | Found Ciarusto's Magic Scroll Shoppe.
  7523 | D:9      | Noticed a death yak
  7523 | D:9      | Noticed a death yak
  7525 | D:9      | Noticed a death yak
  7527 | D:9      | Noticed a death yak
  7536 | D:9      | Killed a death yak
  7543 | D:9      | Killed a death yak
  7544 | D:9      | Killed a death yak
  7555 | D:9      | Killed a death yak
  7596 | D:9      | Found a staircase to the Lair.
  7667 | D:9      | Reached skill level 12 in Axes
  8267 | D:10     | Entered Level 10 of the Dungeon
  8292 | D:10     | Killed an unseen horror
  8292 | D:10     | Reached XP level 12. HP: 84/110 MP: 18/18
  8402 | D:10     | Got a serpentine granite ring
  8421 | D:10     | Identified the ring of Itegaff {rElec rPois rF+ rC+} (You
                  | found it on level 10 of the Dungeon)
  8570 | D:10     | Noticed a two-headed ogre
  8580 | D:10     | Killed a two-headed ogre
  8593 | D:10     | Received a gift from Trog
  8625 | D:10     | Noticed a tengu warrior
  8643 | D:10     | Killed a tengu warrior
  8645 | D:10     | Noticed a two-headed ogre
  8774 | D:10     | Killed a two-headed ogre
  8952 | D:10     | Found Ostuleng's Armour Shop.
  9192 | D:10     | Found a staircase to the Orcish Mines.
  9321 | D:10     | Reached skill level 13 in Axes
  9774 | D:11     | Noticed Erica
  9780 | D:11     | Killed Erica
  9905 | D:11     | Got a fine trident
 10615 | D:5      | Bought a crude helmet for 323 gold pieces
 10625 | D:5      | Identified the cursed -3 helmet of Tulips {+Inv rElec rF+
                  | Slay-4} (You bought it in a shop on level 5 of the Dungeon)
 10773 | Orc:1    | Entered Level 1 of the Orcish Mines
 10871 | Orc:2    | Entered Level 2 of the Orcish Mines
 11091 | Orc:2    | Reached skill level 10 in Evocations
 11102 | Orc:2    | Reached ****** piety under Trog
 11105 | Orc:2    | Reached XP level 13. HP: 119/119 MP: 20/20
 11116 | Orc:2    | Received a gift from Trog
 11160 | Orc:2    | Paralysed by an orc sorcerer for 4 turns
 11258 | Orc:2    | Received a gift from Trog
 11266 | Orc:2    | Noticed a stone giant
 11270 | Orc:2    | Reached skill level 14 in Axes
 11280 | Orc:2    | Killed a stone giant
 11286 | Orc:2    | Found Vyorroill's Distillery.
 11286 | Orc:2    | Found Wigu's Antique Weapon Shop.
 11678 | Orc:2    | Noticed an orc warlord
 11851 | Orc:1    | Received a gift from Trog
 12096 | D:10     | Bought the +1 pair of gloves of an ossuary {+Inv Str+2} for
                  | 360 gold pieces
 12178 | D:12     | Noticed Erolcha
 12186 | D:12     | Killed Erolcha
 12263 | D:12     | Received a gift from Trog
 12838 | Lair:1   | Entered Level 1 of the Lair of Beasts
 13056 | Lair:1   | Reached skill level 15 in Axes
 14165 | Lair:2   | Noticed Gastronok
 14179 | Lair:2   | Killed Gastronok
 14542 | Lair:3   | Reached XP level 14. HP: 121/132 MP: 22/22
 14733 | Lair:3   | Found a staircase to the Swamp.
 14742 | Lair:3   | Reached skill level 16 in Axes
 15150 | Lair:3   | Received a gift from Trog
 15154 | Lair:3   | Found a hole to the Spider Nest.
 15597 | Lair:4   | Identified the +10 trident of the Saviour {pierce, *Corrode
                  | MP+9 Dex+5} (You found it on level 11 of the Dungeon)
 15625 | Lair:4   | Received a gift from Trog
 15633 | Lair:4   | Noticed an entropy weaver
 15635 | Lair:4   | Noticed an entropy weaver
 15646 | Lair:4   | Killed an entropy weaver
 15656 | Lair:4   | Killed an entropy weaver
 15657 | Lair:4   | Reached skill level 17 in Axes
 16122 | Lair:4   | Reached skill level 5 in Dodging
 17059 | Lair:6   | Entered Level 6 of the Lair of Beasts
 17076 | Lair:6   | Reached skill level 15 in Fighting
 17167 | Lair:6   | Received a gift from Trog
 17287 | Lair:6   | Reached skill level 18 in Axes
 17347 | Lair:6   | Reached XP level 15. HP: 123/141 MP: 23/23
 17382 | Lair:6   | Found a staircase to the Slime Pits.
 18619 | Orc:2    | Found Urompiz's Food Shop.
 18645 | Orc:2    | Found Wocekiz's Armour Emporium.
 18700 | Orc:2    | Found a roughly hewn altar of Beogh.
 18763 | Orc:2    | Killed an orc warlord
 18763 | Orc:2    | Reached skill level 19 in Axes
 19026 | Orc:2    | Found a staircase to the Elven Halls.
 19329 | D:13     | Received a gift from Trog
 19759 | D:13     | Got a twitching bone ring
 19983 | D:13     | Found the +6 shillelagh "Devastator" {shatter}
 19983 | D:13     | Identified the ring "Veiguc Aggi" {MR- Int-3 Slay+4 SInv
                  | Stlth-} (You found it on level 13 of the Dungeon)
 20126 | D:14     | Noticed Azrael
 20144 | D:14     | Killed Azrael
 20238 | D:14     | Found a flagged portal.
 20247 | Bailey   | Entered a bailey
 20505 | Bailey   | Identified the Incunabulum of Destiny
 20507 | Bailey   | Identified Ralemy's Incunabulum of Destructive Enhancements
 21024 | D:15     | Entered Level 15 of the Dungeon
 21059 | D:15     | Reached XP level 16. HP: 129/151 MP: 24/24
 21077 | D:15     | Reached skill level 20 in Axes
 21199 | D:15     | Received a gift from Trog
 21390 | D:15     | Found a staircase to the Depths.
 21566 | D:15     | Found a runed translucent gate.
 21566 | D:15     | Found a runed translucent gate.
 21566 | D:15     | Found a runed translucent gate.
 21567 | D:15     | Noticed Kikorro's ghost (adept HOFi)
 21777 | D:15     | Killed Kikorro's ghost
 21825 | D:15     | Got a pair of warped gloves
 21827 | D:15     | Got a transparent hat
 21909 | D:14     | Identified the +0 hat of the Beggar {Str+7 Slay-3} (You
                  | found it on level 15 of the Dungeon)
 21930 | D:14     | Identified the +5 pair of gloves "Arugram" {rF- rCorr Int-5
                  | Dex+8 SInv} (You found it on level 15 of the Dungeon)
 22146 | D:13     | Found a gate to the Vaults.
 22181 | D:13     | Got a polished leather armour
 22481 | D:13     | Identified the +3 leather armour of Action {rC+ Int+8} (You
                  | found it on level 13 of the Dungeon)
 22693 | Spider:1 | Entered Level 1 of the Spider Nest
 22697 | Spider:1 | Received a gift from Trog
 22970 | Swamp:1  | Entered Level 1 of the Swamp
 23192 | Swamp:1  | Reached skill level 1 in Maces & Flails
 23193 | Swamp:1  | Received a gift from Trog
 23358 | Swamp:1  | HP: 4/231 [something (10)]
 24189 | Swamp:1  | Reached skill level 21 in Axes
 24190 | Swamp:1  | Received a gift from Trog
 24472 | Swamp:1  | Noticed Nikola
 24481 | Swamp:1  | Killed Nikola
 24847 | Swamp:2  | Found a runed translucent door.
 24850 | Swamp:2  | Found a shimmering altar of Xom.
 24850 | Swamp:2  | Noticed Rukhlub's ghost (adept MiFi)
 24866 | Swamp:2  | Reached XP level 17. HP: 161/161 MP: 18/25
 24877 | Swamp:2  | Killed Rukhlub's ghost
 25586 | Swamp:2  | Received a gift from Trog
 25600 | Swamp:2  | Identified the +9 battleaxe of Mysticism {protect, rF+
                  | Int+3 Dex+3} (Trog gifted it to you on level 2 of the
                  | Swamp)
 26363 | Swamp:2  | Reached skill level 1 in Stealth
 27054 | Swamp:3  | Identified the +5 robe "Yqeept" {Int+3 Dex+3} (You found it
                  | on level 3 of the Swamp)
 27496 | Swamp:4  | Entered Level 4 of the Swamp
 27583 | Swamp:4  | Received a gift from Trog
 27595 | Swamp:4  | Reached skill level 10 in Armour
 27604 | Swamp:4  | Noticed a tentacled monstrosity
 27921 | Swamp:4  | Received a gift from Trog
 28038 | Swamp:4  | Received a gift from Trog
 28046 | Swamp:4  | Killed a tentacled monstrosity
 28046 | Swamp:4  | Reached skill level 10 in Dodging
 28612 | Swamp:4  | Reached XP level 18. HP: 150/172 MP: 26/26
 28639 | Swamp:4  | Got a decaying rune of Zot
 29312 | Vaults:1 | Entered Level 1 of the Vaults
 29577 | Vaults:1 | Noticed Aizul
 29584 | Vaults:1 | Killed Aizul
 29693 | Vaults:1 | Reached skill level 5 in Stealth
 29713 | Vaults:1 | Received a gift from Trog
 29885 | Vaults:1 | Found Xitiarph's Magic Scroll Shop.
 29890 | Vaults:1 | Bought a scroll of teleportation for 39 gold pieces
 29918 | Vaults:1 | Bought a scroll of torment for 97 gold pieces
 30404 | Vaults:1 | Received a gift from Trog
 30945 | Vaults:1 | Found a runed translucent gate.
 30945 | Vaults:1 | Found a runed translucent gate.
 30946 | Vaults:1 | Found a runed translucent gate.
 30946 | Vaults:1 | Noticed Jabberih's ghost (adept DrCj)
 31079 | Vaults:1 | Found an iron altar of Okawaru.
 31091 | Vaults:1 | Received a gift from Trog
 31432 | Vaults:1 | Killed Jabberih's ghost
 31432 | Vaults:1 | Reached XP level 19. HP: 176/181 MP: 28/28
 31466 | Vaults:1 | Identified the cursed +1 ring mail "Emaoq" {rN+ Str+3} (You
                  | found it on level 1 of the Vaults)
 31771 | Vaults:2 | Received a gift from Trog
 32147 | Vaults:2 | You fall through a shaft for 2 floors!
 32195 | Vaults:4 | Noticed Rupert
 32510 | Vaults:4 | Noticed Saint Roka
 32527 | Vaults:4 | Killed Saint Roka
 33518 | Vaults:3 | Reached skill level 22 in Axes
 33530 | Vaults:3 | Noticed a tentacled monstrosity
 33544 | Vaults:3 | Killed a tentacled monstrosity
 33547 | Vaults:3 | Received a gift from Trog
 34199 | Vaults:3 | Found a staircase to the Crypt.
 34825 | Vaults:2 | Paralysed by a great orb of eyes for 2 turns
 34828 | Vaults:2 | Reached XP level 20. HP: 184/191 MP: 29/29
 34839 | Vaults:2 | Reached skill level 23 in Axes
 35485 | Crypt:1  | Entered Level 1 of the Crypt
 35510 | Crypt:1  | Received a gift from Trog
 36089 | Spider:1 | Identified the +2 leather armour "Geizebe" {Int+3} (You
                  | found it on level 1 of the Spider Nest)
 36596 | Spider:2 | Received a gift from Trog
 36605 | Spider:2 | Reached skill level 24 in Axes
 37199 | Spider:3 | Identified Roxanne's Almanac of Transmutation
 37199 | Spider:3 | Noticed Roxanne
 38385 | Spider:4 | Entered Level 4 of the Spider Nest
 38645 | Spider:4 | Received a gift from Trog
 38698 | Spider:4 | Reached skill level 25 in Axes
 38782 | Spider:4 | Got a gossamer rune of Zot
 39542 | Spider:3 | Killed Roxanne
 39752 | Elf:1    | Entered Level 1 of the Elven Halls
 39784 | Elf:1    | Found a transporter.
 39787 | Elf:1    | Noticed Name63's ghost (adept GnWn)
 39877 | Elf:1    | Received a gift from Trog
 40028 | Elf:1    | Found a transporter.
 40312 | Elf:1    | Reached XP level 21. HP: 170/199 MP: 30/30
 40335 | Elf:1    | Reached skill level 26 in Axes
 40631 | Elf:1    | Identified the Papyrus of Conjuration
 41066 | Elf:1    | Received a gift from Trog
 41077 | Elf:1    | Killed Name63's ghost
 41098 | Elf:1    | Identified the +2 helmet of Maump {rC+ rN+ Dex+3} (You
                  | found it on level 1 of the Elven Halls)
 41181 | Elf:2    | Found a flickering gateway to a bazaar.
 41190 | Bazaar   | Entered a bazaar
 41194 | Bazaar   | Found Lug Seost's Jewellery Boutique.
 41212 | Bazaar   | Found Cilocoang's Antique Weapon Emporium.
 41229 | Bazaar   | Found Wifubuf's Book Boutique.
 41246 | Bazaar   | Found Imita Udy's Armour Shoppe.
 41289 | Bazaar   | Bought a book of Air for 560 gold pieces
 41289 | Bazaar   | Bought a book of Misfortune for 320 gold pieces
 41289 | Bazaar   | Bought a book of Frost for 560 gold pieces
 41412 | Elf:2    | Found Dyuxt's Weapon Shoppe.
 41592 | Elf:2    | Received a gift from Trog
 41684 | Elf:2    | Found a runed translucent gate.
 41703 | Elf:2    | Found a runed translucent gate.
 41704 | Elf:2    | Found a runed translucent gate.
 41856 | Elf:3    | Entered Level 3 of the Elven Halls
 41872 | Elf:3    | Received a gift from Trog
 41972 | Elf:3    | Received a gift from Trog
 42073 | Elf:3    | Received a gift from Trog
 42198 | Elf:3    | Received a gift from Trog
 42848 | Elf:3    | Identified the +9 hand axe of Terra Cotta {chop, Fragile
                  | rElec rC+ Stlth+}
 42848 | Elf:3    | Identified the +3 leather armour of Indomitability {rElec
                  | MR+}
 42859 | Elf:3    | Identified the ring of Pummebeoca {+Inv rElec rF- rC+
                  | Dex-5}
 42867 | Elf:3    | Identified the cursed +0 lajatang "Veanined" {speed, Int+5
                  | Dex+2}
 42870 | Elf:3    | Reached XP level 22. HP: 211/211 MP: 31/31
 42876 | Elf:3    | Received a gift from Trog
 42934 | Elf:3    | Identified the cursed -7 pair of gloves of Pathos {Stlth+}
                  | (You found it on level 3 of the Elven Halls)
 42960 | Elf:3    | Identified the +1 leather armour of a wizard's laboratory
                  | {rN+} (You found it on level 3 of the Elven Halls)
 42966 | Elf:3    | Identified the +10 plate armour of Mistoch {rElec rF- Str+7
                  | Dex+4} (You found it on level 3 of the Elven Halls)
 42983 | Elf:3    | Identified the amulet of Zykobbaa {Inacc rC+} (You found it
                  | on level 3 of the Elven Halls)
 44312 | Crypt:1  | Noticed Jory
 44322 | Crypt:1  | Reached skill level 15 in Armour
 44330 | Crypt:1  | Killed Jory
 44702 | Crypt:3  | Entered Level 3 of the Crypt
 44968 | Crypt:3  | Noticed Xtahua
 44981 | Crypt:3  | Killed Xtahua
 44990 | Crypt:3  | Received a gift from Trog
 45171 | Crypt:3  | Found a staircase to the Tomb.
 45529 | Crypt:3  | Found an ancient bone altar of Kikubaaqudgha.
 45925 | Crypt:3  | Noticed an ancient lich
 45936 | Crypt:3  | Killed an ancient lich
 45938 | Crypt:3  | Received a gift from Trog
 45971 | Crypt:3  | Identified the Tome of Dark Secrets
 46032 | Crypt:3  | Identified the Disquisition on Destructive Unholy Magic
 46547 | Crypt:3  | Identified the +11 rapier of the Wasp {pain, Str+4} (You
                  | found it on level 3 of the Crypt)
 46810 | Crypt:3  | Reached XP level 23. HP: 219/219 MP: 32/32
 47212 | Crypt:3  | Got an ichor-stained plate armour
 47214 | Crypt:3  | Got a smoking great sword
 47215 | Crypt:3  | Identified the cursed +0 great sword "Uchu" {venom, rC++
                  | Int-2 Dex+7} (You found it on level 3 of the Crypt)
 47229 | Crypt:3  | Identified the +7 plate armour of the Doldrums {rC- Str+8}
                  | (You found it on level 3 of the Crypt)
 47268 | Crypt:3  | Received a gift from Trog
 47443 | Crypt:2  | Received a gift from Trog
 48331 | Crypt:1  | Noticed a greater mummy
 48332 | Crypt:1  | Noticed Khufu
 48808 | Depths:1 | Entered Level 1 of the Depths
 48989 | Depths:1 | Received a gift from Trog
 49239 | Depths:1 | Received a gift from Trog
 49657 | Depths:1 | Found a gateway to Hell.
 49950 | Depths:2 | Found a gateway to a ziggurat.
 50046 | Depths:2 | Found a one-way gate leading to the halls of Pandemonium.
 50378 | Depths:2 | Received a gift from Trog
 50574 | Depths:2 | Identified the +1 scale mail of a bailey {rElec Slay+5}
                  | (You found it on level 2 of the Depths)
 50686 | Depths:2 | Found Tadodgh's General Store.
 50694 | Depths:2 | Bought a scroll of fog for 26 gold pieces
 50694 | Depths:2 | Bought a scroll of teleportation for 39 gold pieces
 51027 | Depths:2 | Identified a scroll of acquirement
 51262 | Depths:3 | Reached XP level 24. HP: 215/230 MP: 33/33
 51392 | Depths:3 | Received a gift from Trog
 51481 | Depths:3 | HP: 4/233 [ettin/+0 dire flail (32)]
 51481 | Depths:3 | Demolished by an ettin

Skill      XL: |  1  2  3  4  5  6  7  8  9 10 11 12 13 14 15 16 17 18 19 20 21 22 23 24 |
---------------+-------------------------------------------------------------------------+-----
Fighting       | 4 5 6 7 8 10 11 12 14 15 16 17 18 19 20 21 22 | 22.7
Axes           | 5 6 7 8 9 11 12 13 15 18 19 21 22 25 26 | 26.2
Armour         | 3 4 5 6 7 8 9 10 11 12 14 16 17 | 17.4
Evocations     | 1 2 3 4 5 7 8 10 11 12 13 14 | 14.9
Throwing       | 1 2 3 5 6 7 8 |  8.2
Dodging        | 3 5 7 9 10 11 12 13 14 | 14.9
Maces & Flails | 3 |  3.4
Stealth        | 4 6 |  6.8

Action                   |  1- 3 |  4- 6 |  7- 9 | 10-12 | 13-15 | 16-18 | 19-21 | 22-24 || total
-------------------------+-------+-------+-------+-------+-------+-------+-------+-------++-------
Melee: Hand axe          |   124 |   192 |   308 |   513 |       |       |       |       ||  1137
       War axe           |       |       |   115 |       |       |       |       |       ||   115
       Triple sword      |       |       |       |     7 |       |       |       |       ||     7
       Unarmed           |       |       |       |     9 |       |       |       |       ||     9
       Battleaxe         |       |       |       |   140 |   160 |   161 |       |       ||   461
       Executioner's axe |       |       |       |       |   647 |   687 |  1193 |  1038 ||  3565
       Shillelagh        |       |       |       |       |       |   176 |       |       ||   176
Throw: Throwing net      |       |       |       |     1 |     1 |     1 |       |       ||     3
Invok: Berserk           |     2 |     6 |    13 |    10 |     7 |     8 |     5 |     6 ||    57
       Trog's Hand       |       |       |     4 |     3 |    11 |    11 |    17 |     7 ||    53
Evoke: Wand              |       |       |       |     2 |     6 |     6 |     3 |     2 ||    19
       Lamp of fire      |       |       |       |     1 |     1 |       |     1 |       ||     3
  Use: Scroll            |     4 |     4 |     7 |    13 |    17 |    11 |    17 |    16 ||    89
       Potion            |     1 |       |       |     8 |     3 |    12 |    10 |     4 ||    38
 Stab: Invisible         |       |       |       |     1 |     2 |       |     7 |       ||    10
       Distracted        |       |       |       |     1 |       |       |       |       ||     1
       Held in net/web   |       |       |       |       |     1 |     1 |       |       ||     2
       Confused          |       |       |       |       |       |       |     2 |       ||     2
  Eat: Chunk             |     2 |    11 |    10 |    20 |    34 |    23 |    21 |     8 ||   129
       Ration            |       |       |     4 |     3 |     3 |     8 |     8 |    10 ||    36
Armor: Ring mail         |    39 |    56 |       |       |       |       |       |       ||    95
       Animal skin       |     1 |       |       |       |       |       |       |       ||     1
       Chain mail        |       |    21 |   245 |   388 |   520 |   566 |   687 |   352 ||  2779
Dodge: Dodged            |    66 |   113 |   167 |   337 |   515 |   838 |   925 |   693 ||  3654
